 Dungeon Crawl Stone Soup version 0.27.1-1-g398f81649c (webtiles) character file.

Game seed: 2227985174431990022

988 MisterFreud the Fighter (level 8, -6/71 HPs)
             Began as a Gnoll Wanderer on Sept 20, 2021.
             Was a Believer of Trog.
             Mangled by a chaos spawn (13 damage)
             ... summoned by a kobold demonologist
             ... on level 5 of the Dungeon.
             The game lasted 00:05:01 (3580 turns).

MisterFreud the Fighter (Gnoll Wanderer)            Turns: 3580, Time: 00:05:01

Health: -6/71      AC: 20    Str: 13    XL:     8   Next: 18%
Magic:  12/12      EV:  7    Int: 12    God:    Trog [**....]
Gold:   227        SH:  0    Dex: 12    Spells: 13/13 levels left

rFire    + . .     SeeInvis .   a - +2 quarterstaff
rCold    + . .     Faith    .   (shield currently unavailable)
rNeg     . . .     Spirit   .   r - +9 chain mail of Dust Devil {rElec rF+ rC+}
rPois    .         Reflect  .   (no helmet)
rElec    +         Harm     .   (no cloak)
rCorr    .         Rampage  .   d - +0 pair of gloves
Will     ++...                  g - +0 pair of boots
Stlth    ..........             (no amulet)
HPRegen  1.21/turn              (no ring)
MPRegen  0.13/turn              (no ring)

@: lethally poisoned (-6 -> -7), strong-willed, flying, regenerating
A: fangs 1, strong nose, distributed training
a: Renounce Religion, Berserk, Trog's Hand


You were on level 5 of the Dungeon.
You worshipped Trog.
Trog was pleased with you.
You visited 1 branch of the dungeon, and saw 5 of its levels.

You collected 227 gold pieces.

Inventory:

Hand Weapons
 a - a +2 quarterstaff (weapon)
 f - a +3 whip of pain
Missiles
 u - 4 boomerangs (quivered)
 v - 2 poisoned darts
 A - 7 javelins
Armour
 b - a +0 ring mail
 d - a +0 pair of gloves (worn)
 g - a +0 pair of boots (worn)
 r - the +9 chain mail of Dust Devil (worn) {rElec rF+ rC+}
   (You found it on level 4 of the Dungeon)

   rF:        It protects you from fire.
   rC:        It protects you from cold.
   rElec:     It insulates you from electricity.
Wands
 y - a wand of digging (6)
 z - a wand of polymorph (8)
Scrolls
 e - 3 scrolls of identify
 j - a scroll of fear {unknown}
 k - 2 scrolls of torment {unknown}
 m - a scroll of enchant armour {unknown}
 n - a scroll of brand weapon {unknown}
 q - 2 scrolls of magic mapping {unknown}
Potions
 c - a potion of lignification
 h - a potion of mutation {unknown}
 i - a potion of invisibility {unknown}
 l - a potion of flight
 o - a potion of berserk rage {unknown}
 p - 2 potions of resistance
 s - a potion of degeneration {unknown}
 t - a potion of might {unknown}
 w - a potion of haste {unknown}
 x - a potion of ambrosia {unknown}


   Skills:
 + Level 9.1 Fighting
 + Level 3.0 Short Blades
 + Level 3.0 Long Blades
 + Level 4.0 Axes
 + Level 3.0 Maces & Flails
 + Level 3.0 Polearms
 + Level 4.0 Staves
 + Level 3.0 Slings
 + Level 3.0 Bows
 + Level 3.0 Crossbows
 + Level 3.0 Throwing
 + Level 4.0 Armour
 + Level 4.0 Dodging
 + Level 3.9 Stealth
 + Level 4.0 Shields
 + Level 3.0 Unarmed Combat
 + Level 3.0 Spellcasting
 + Level 2.4 Conjurations
 + Level 2.4 Hexes
 + Level 2.4 Summonings
 + Level 2.4 Necromancy
 + Level 2.4 Translocations
 + Level 2.4 Transmutations
 + Level 2.4 Fire Magic
 + Level 2.4 Ice Magic
 + Level 2.4 Air Magic
 + Level 2.4 Earth Magic
 + Level 2.4 Poison Magic
 + Level 3.3 Invocations
 + Level 3.0 Evocations


You had 13 spell levels left.
You didn't know any spells.
Your spell library was empty.

Dungeon Overview and Level Annotations

Branches:
Dungeon (5/15)             Temple (0/1) D:5

Altars:
Trog

Shops:
D:4 (   D:5 *


Innate Abilities, Weirdness & Mutations

You have very sharp teeth.
Your uncanny sense of smell can sniff out nearby items.
Your experience applies equally to all skills.


Message History

Your skin crawls.
You feel strong-willed.
You feel very sick. The orange demon stings you from afar.
* * * LOW HITPOINT WARNING * * *
The kobold demonologist hits you with a +0 dagger of freezing.
* * * LOW HITPOINT WARNING * * *
The hellwing hits you but does no damage. x2
You feel sick.
The kobold demonologist gestures wildly while chanting.
The hellwing hits you.
* * * LOW HITPOINT WARNING * * *
The hellwing hits you.
* * * LOW HITPOINT WARNING * * *
Unknown command.
Unknown command.
Unknown command.
As you read the scroll labelled UTIQET PAN, it crumbles to dust.
It is a scroll of identify.
p - 2 potions of resistance You feel sick.
The orange demon disappears in a puff of smoke!
The ogre closely misses you.
The kobold demonologist mumbles some strange words.
The hellwing barely misses you.
The hellwing hits you but does no damage.
You feel sick.
The hellwing hits you but does no damage. x2
You feel sick.
You feel sick.
You feel sick.
The crimson imp picks up a beetle and eats it.
The hellwing swoops through the air toward you!
The hellwing closely misses you. The hellwing barely misses you.
You feel sick.
It was a potion of flight.
You feel very buoyant.
You fly up into the air.
You feel sick. The ogre closely misses you.
The crimson imp blinks!
The chaos spawn gores you!
You die...

#.............#
#.........∩...#
#.....^.......#
#.............#
#....>..#.....#
#.........####. ..
###..#....## #.
#.#####....###...# ##.
##....@4.##.# #.#.###..
#.....O4###.# #.#......
...#####K.##.###.#....#.
# #.§5.........<..#.
#.5........#.##.#.
#.................
#.........###...##
#......5..# #.⌠.#
..........###...##


You could see a hellwing (summoned), a kobold demonologist, a chaos spawn
(summoned), an ogre, an iron imp (summoned), a crimson imp (summoned) and a
white imp (summoned).

Vanquished Creatures
  Grinder (D:4)
  Edmund (D:4)
  An ogre (D:5)
  A phantom (D:4)
  A scorpion (D:4)
  A howler monkey (D:4)
  A bullfrog zombie (D:5)
  2 hounds
  A bullfrog skeleton (D:5)
  Natasha (twice) (D:2)
  3 iguanas
  An orc wizard (D:4)
  3 gnolls
  4 adders
  4 dart slugs
  7 orcs
  6 endoplasms
  3 giant cockroaches
  6 goblins
  5 hobgoblins
  6 quokkas
  6 ball pythons
  7 bats
  2 frilled lizards (D:1)
  7 kobolds
  5 rats
87 creatures vanquished.

Notes
Turn   | Place    | Note
-------+----------+-------------------------------------------
     0 | D:1      | MisterFreud the Gnoll Wanderer began the quest for the Orb.
     0 | D:1      | MisterFreud set off with the following items: a +2
                  | quarterstaff, a +0 ring mail, a potion of lignification
     0 | D:1      | Reached XP level 1. HP: 26/26 MP: 1/1
    50 | D:1      | Reached XP level 2. HP: 33/33 MP: 2/2
   251 | D:1      | Reached XP level 3. HP: 38/38 MP: 3/3
   662 | D:2      | Reached skill level 1 in Invocations
   687 | D:1      | Reached skill level 1 in Short Blades
   687 | D:1      | Reached skill level 1 in Long Blades
   687 | D:1      | Reached skill level 1 in Maces & Flails
   687 | D:1      | Reached skill level 1 in Polearms
   687 | D:1      | Reached skill level 1 in Slings
   687 | D:1      | Reached skill level 1 in Bows
   687 | D:1      | Reached skill level 1 in Crossbows
   687 | D:1      | Reached skill level 1 in Throwing
   687 | D:1      | Reached skill level 1 in Unarmed Combat
   687 | D:1      | Reached skill level 1 in Spellcasting
   687 | D:1      | Reached skill level 1 in Evocations
   878 | D:2      | Reached XP level 4. HP: 29/45 MP: 5/5
  1196 | D:2      | Noticed Natasha
  1200 | D:2      | Killed Natasha
  1201 | D:2      | Reached skill level 1 in Conjurations
  1201 | D:2      | Reached skill level 1 in Hexes
  1201 | D:2      | Reached skill level 1 in Summonings
  1201 | D:2      | Reached skill level 1 in Necromancy
  1201 | D:2      | Reached skill level 1 in Translocations
  1201 | D:2      | Reached skill level 1 in Transmutations
  1201 | D:2      | Reached skill level 1 in Fire Magic
  1201 | D:2      | Reached skill level 1 in Ice Magic
  1201 | D:2      | Reached skill level 1 in Air Magic
  1201 | D:2      | Reached skill level 1 in Earth Magic
  1201 | D:2      | Reached skill level 1 in Poison Magic
  1416 | D:2      | Reached XP level 5. HP: 51/51 MP: 6/6
  1453 | D:2      | Found a faded altar of an unknown god.
  1537 | D:2      | Noticed Natasha
  1551 | D:2      | Killed Natasha
  1706 | D:2      | Became a worshipper of Trog the Wrathful
  1706 | D:2      | Reached * piety under Trog
  2388 | D:4      | Identified the +9 chain mail of Dust Devil {rElec rF+ rC+}
  2464 | D:4      | Reached XP level 6. HP: 57/57 MP: 8/8
  2518 | D:4      | Noticed Grinder
  2532 | D:4      | Killed Grinder
  2533 | D:4      | Reached XP level 7. HP: 63/63 MP: 10/10
  2676 | D:4      | Found Leron's Weapon Shoppe.
  2891 | D:4      | Noticed Edmund
  2903 | D:4      | Killed Edmund
  2903 | D:4      | Reached ** piety under Trog
  2904 | D:4      | Reached skill level 9 in Fighting
  3352 | D:5      | Entered Level 5 of the Dungeon
  3380 | D:5      | Found a staircase to the Ecumenical Temple.
  3400 | D:5      | Reached XP level 8. HP: 61/71 MP: 12/12
  3532 | D:5      | Found Hobuef's Humungous Hoard.
  3561 | D:5      | Noticed a kobold demonologist
  3563 | D:5      | Noticed an orange demon
  3570 | D:5      | Noticed a hellwing
  3580 | D:5      | Mangled by a chaos spawn

Illustrated notes

Levels and vault maps discovered:
D:1:      minmay_arrival_three_doors, layout_rooms
D:2:      layout_loops_cross, ebering_ecumenical_altar_abandoned, uniq_natasha
D:3:      layout_loops_cross, kennysheep_generic_room_2
D:4:      layout_loops_ring, serial_shops, kennysheep_mini_moat, uniq_grinder,
          uniq_edmund
D:5:      layout_rooms, minmay_temple_entry_junction, nicolae_alphabet_shops

Skill      XL: |  1  2  3  4  5  6  7  8 |
---------------+-------------------------+-----
Invocations    | 1 2 3 |  3.3
Short Blades   | 1 2 3 |  3.0
Long Blades    | 1 2 3 |  3.0
Maces & Flails | 1 2 3 |  3.0
Polearms       | 1 2 3 |  3.0
Slings         | 1 2 3 |  3.0
Bows           | 1 2 3 |  3.0
Crossbows      | 1 2 3 |  3.0
Throwing       | 1 2 3 |  3.0
Unarmed Combat | 1 2 3 |  3.0
Spellcasting   | 1 2 3 |  3.0
Evocations     | 1 2 3 |  3.0
Conjurations   | 1 2 |  2.4
Hexes          | 1 2 |  2.4
Summonings     | 1 2 |  2.4
Necromancy     | 1 2 |  2.4
Translocations | 1 2 |  2.4
Transmutations | 1 2 |  2.4
Fire Magic     | 1 2 |  2.4
Ice Magic      | 1 2 |  2.4
Air Magic      | 1 2 |  2.4
Earth Magic    | 1 2 |  2.4
Poison Magic   | 1 2 |  2.4
Axes           | 3 4 |  4.0
Staves         | 3 4 |  4.0
Armour         | 3 4 |  4.0
Dodging        | 3 4 |  4.0
Shields        | 3 4 |  4.0
Stealth        | 3 |  3.9
Fighting       | 9 |  9.1

Action                   |  1- 3 |  4- 6 |  7- 9 || total
-------------------------+-------+-------+-------++-------
Melee: Quarterstaff      |    68 |   131 |    83 ||   282
       Bite              |     4 |    12 |     5 ||    21
Throw: Boomerang         |       |       |     3 ||     3
Invok: Berserk           |       |     1 |     1 ||     2
       Trog's Hand       |       |       |     1 ||     1
  Use: Scroll            |       |       |     1 ||     1
       Potion            |       |       |     1 ||     1
 Stab: Sleeping          |     1 |     2 |       ||     3
Armor: Ring mail         |    33 |    41 |       ||    74
       Chain mail        |       |    32 |    67 ||    99
Dodge: Dodged            |    48 |    68 |    32 ||   148
